 Dungeon Crawl Stone Soup version 0.30-a0-613-gdd512c7efb (webtiles) character file.

Game seed: 2793166245100922104

47416 themarg the Martial Artist (level 14, -17/183 (195) HPs)
             Began as a Gnoll Transmuter on Jan 9, 2023.
             Was an Initiate of Gozag.
             Demolished by Depoub's ghost (36 damage)
             ... on level 4 of the Lair of Beasts.
             The game lasted 00:58:30 (19193 turns).

themarg the Martial Artist (Gnoll Transmuter)      Turns: 19193, Time: 00:58:30

HP:   -17/183 (195) AC: 10    Str: 10    XL:     14   Next: 41%
MP:   33/37         EV: 18    Int: 18    God:    Gozag
Gold: 1780          SH:  5    Dex: 12    Spells: 9/34 levels left

rFire   x . .      SeeInvis .      - Unarmed
rCold   + + +      Faith    .    (shield currently unavailable)
rNeg    . . .      Spirit   .    (body armour currently unavailable)
rPois   +          Reflect  +    (helmet currently unavailable)
rElec   .          Harm     .    (cloak currently unavailable)
rCorr   .          Rampage  .    (gloves currently unavailable)
Will    +....                    (boots currently unavailable) Stlth
                                 E - amulet of reflection
HPRegen 0.50/turn                q - +5 ring of evasion
MPRegen 0.25/turn                n - ring of magical power

@: berserking (expiring), ice-form, wereblooded, hasted, drained, very quick
A: freezing attack, amphibious, boosted hp, large, (fangs 1), strong nose,
distributed training
a: End Transformation, Renounce Religion, Potion Petition, Call Merchant, Bribe
Branch


You were on level 4 of the Lair of Beasts.
You worshipped Gozag.
Gozag was most pleased with you.
You were a creature of crystalline ice.
You visited 3 branches of the dungeon, and saw 18 of its levels.

You collected 4968 gold pieces.
You spent 767 gold pieces at shops.
You paid 2421 gold pieces to Gozag.

Inventory:

Hand Weapons
 J - the +7 flail of the Unkillable {drain, rElec Int+8}
   (You found it on level 2 of the Lair of Beasts)

   Int:       It affects your intelligence (+8).
   rElec:     It insulates you from electricity.
Missiles
 w - 7 boomerangs
 z - 23 poisoned darts
 G - 4 javelins
 O - 4 boomerangs of dispersal
 S - 3 curare-tipped darts
 W - 6 silver javelins
Armour
 a - a +0 pair of gloves (melded)
 t - the +4 robe of Augmentation (melded) {Str+4 Int+4 Dex+4}
   (You found it on level 3 of the Dungeon)

   Str:       It affects your strength (+4).
   Int:       It affects your intelligence (+4).
   Dex:       It affects your dexterity (+4).
 u - the +7 scale mail "Uriazx Mocw" {rElec MP+9 Int-3 SInv}
   (You found it on level 3 of the Lair of Beasts)

   Int:       It affects your intelligence (-3).
   rElec:     It insulates you from electricity.
   MP:        It affects your magic capacity (+9).
   SInv:      It lets you see invisible.
 D - the +2 leather armour "Qitooxue" {Will+ Str+8 Int-3 Stlth+}
   (You found it on level 5 of the Dungeon)

   Str:       It affects your strength (+8).
   Int:       It affects your intelligence (-3).
   Will:      It increases your willpower.
   Stlth:     It makes you more stealthy.
 Q - a +0 helmet (melded)
 V - the +1 cloak of Omission (melded) {rF+}
   (You found it on level 12 of the Dungeon)

   rF:        It protects you from fire.
Jewellery
 g - a ring of see invisible
 n - a ring of magical power (right front paw)
 q - a +5 ring of evasion (left front paw)
 y - a ring of protection from cold
 E - an amulet of reflection (around neck)
 N - a +6 ring of dexterity
Wands
 p - a wand of charming (5)
 M - a wand of quicksilver (9)
 P - a wand of polymorph (10)
Scrolls
 e - 8 scrolls of teleportation
 h - 2 scrolls of magic mapping
 i - 5 scrolls of amnesia
 j - a scroll of blinking {unknown}
 k - 2 scrolls of enchant armour
 l - 3 scrolls of vulnerability
 m - 3 scrolls of enchant weapon
 v - 3 scrolls of fog
 x - 3 scrolls of fear
 A - a scroll of acquirement {unknown}
 C - 3 scrolls of summoning {unknown}
 F - 2 scrolls of brand weapon {unknown}
 H - a scroll of immolation {unknown}
 U - a scroll of poison {unknown}
 Y - 2 scrolls of identify
Potions
 b - 6 potions of attraction
 d - 12 potions of curing
 f - 4 potions of berserk rage
 o - 5 potions of brilliance
 r - 4 potions of mutation
 s - a potion of flight
 B - 3 potions of haste
 I - 4 potions of magic
 K - 2 potions of resistance
 L - a potion of cancellation {unknown}
 R - 2 potions of invisibility {unknown}
 T - 2 potions of lignification
 X - 6 potions of ambrosia
Miscellaneous
 c - a box of beasts (inert)
 Z - a tin of tremorstones (2/2)


   Skills:
 + Level 9.9 Fighting
 + Level 9.5 Short Blades
 + Level 9.5 Long Blades
 + Level 9.5 Axes
 + Level 9.5 Maces & Flails
 + Level 9.5 Polearms
 + Level 9.5 Staves
 + Level 9.5 Ranged Weapons
 + Level 9.5 Throwing
 + Level 9.5 Armour
 + Level 10.6 Dodging
 + Level 9.5 Stealth
 + Level 9.5 Shields
 + Level 11.5 Unarmed Combat
 + Level 10.8 Spellcasting
 + Level 8.0 Conjurations
 + Level 8.0 Hexes
 + Level 8.0 Summonings
 + Level 8.0 Necromancy
 + Level 8.0 Translocations
 + Level 8.9 Transmutations
 + Level 8.0 Fire Magic
 + Level 8.0 Ice Magic
 + Level 8.0 Air Magic
 + Level 8.0 Earth Magic
 + Level 8.0 Poison Magic
 + Level 10.4 Invocations
 + Level 9.5 Evocations


You had 9 spell levels left.
You knew the following spells:

 Your Spells              Type           Power      Damage    Failure   Level
a - Beastly Appendage     Tmut           82%        N/A       1%          1
b - Wereblood             Tmut           41%        N/A       1%          2
c - Spider Form           Tmut/Pois      40%        N/A       1%          3
d - Ice Form              Ice/Tmut       40%        N/A       2%          4
e - Summon Lightning Spi  Summ/Air       38%        N/A       2%          4
f - Airstrike             Air            19%        2d(3-19)  2%          4
g - Freezing Cloud        Conj/Ice/Air   19%        6-21      8%          5
S - Sublimation of Blood  Necr           38%        N/A       1%          2

Your spell library contained the following spells:

 Spells                   Type           Power      Damage    Failure   Level
 Apportation              Tloc           76%        N/A       1%          1
 Freeze                   Ice            100%       1d10      1%          1
 Necrotise                Necr           100%       1d9       1%          1
 Frozen Ramparts          Ice            76%        1d12      1%          3
 Hailstorm                Conj/Ice       38%        3d9       1%          3
 Ignite Poison            Fire/Tmut/Pois 39%        N/A       1%          3
 Kindle Blastsparks       Fire/Tloc/Air  76%        2d16      1%          3
 Vampiric Draining        Necr           38%        2d8       1%          3
 Sticky Flame             Conj/Fire      38%        2d6       2%          4
 Alistair's Intoxication  Tmut/Pois      26%        N/A       6%          5
 Agony                    Necr           38%        N/A       8%          5
 Lightning Bolt           Conj/Air       19%        1d33      8%          5
 Summon Hydra             Summ           19%        N/A       93%         7
 Ignition                 Fire           19%        3d7       100%        8
 Polar Vortex             Ice            19%        N/A       100%        9
 Simulacrum               Ice/Necr       Unusable   N/A       N/A         6

Dungeon Overview and Level Annotations

Branches:
Dungeon (13/15)            Temple (1/1) D:4            Lair (4/5) D:8
 Shoals (0/4) Lair:2       Spider (0/4) Lair:3          Orc (0/2) D:10
  Slime: Lair:4-5    Vaults: D:13-14

Altars:
Ashenzari
Cheibriados
Dithmenos
Elyvilon
Fedhas
Gozag
Hepliaklqana
Kikubaaqudgha
Makhleb
Nemelex Xobeh
Okawaru
Qazlal
Ru
Sif Muna
Trog
Uskayaw
Vehumet
Wu Jian
Xom
Yredelemnul
Zin
The Shining One

Shops:
D:3 *(![   D:11 (   D:12 :

Portals:
Trove: D:12 (give +4 shadow dragon scales)

Annotations:
Lair:4 Depoub's ghost, journeyman OgIE


Innate Abilities, Weirdness & Mutations

You are a creature of crystalline ice.
You have a powerful freezing melee attack.
You are amphibious.
Your maximum health is increased.
Your armour is entirely melded.
You are incapable of wielding weapons or throwing items.
((You have very sharp teeth.))
Your uncanny sense of smell can sniff out nearby items.
Your experience applies equally to all skills.


Message History

* * * LOW HITPOINT WARNING * * *
You feel drained.
The spectral eight-headed hydra completely misses you.
The spectral eight-headed hydra bites you but does no damage.
You punch the spectral eight-headed hydra!
You freeze the spectral eight-headed hydra.
You feel a bit better.
You destroy the spectral eight-headed hydra!
Your Conjurations skill increases to level 8!
Your Hexes skill increases to level 8!
Your Summonings skill increases to level 8!
Your Necromancy skill increases to level 8!
Your Translocations skill increases to level 8!
Your Fire Magic skill increases to level 8!
Your Ice Magic skill increases to level 8!
Your Air Magic skill increases to level 8!
Your Earth Magic skill increases to level 8!
Your Poison Magic skill increases to level 8!
You punch Depoub's ghost! You freeze Depoub's ghost.
Depoub's ghost is lightly damaged.
Depoub's ghost freezes you.
You are frozen.
You resist.
* * * LOW HITPOINT WARNING * * *
You hit Depoub's ghost. You freeze Depoub's ghost.
Depoub's ghost is moderately damaged.
You punch Depoub's ghost! You freeze Depoub's ghost!
Depoub's ghost is moderately damaged.
Depoub's ghost closely misses you.
You punch Depoub's ghost! You freeze Depoub's ghost.
Depoub's ghost is heavily damaged.
You punch Depoub's ghost! You freeze Depoub's ghost.
Depoub's ghost is heavily damaged.
Depoub's ghost misses you.
You punch Depoub's ghost! You freeze Depoub's ghost.
Depoub's ghost is severely damaged.
You punch Depoub's ghost! You freeze Depoub's ghost.
Depoub's ghost is severely damaged.
Depoub's ghost hits you!!!
You die...
Your body crumbles into a pile of gold.

#................................
...###................)..........
#..# #...........................
#..# ##.........................#
...## #..........................
....#########...................#
......#.#.#.#....................
......#.....#..$.................
......##[...'.$WY................
......#.[...'..$$................
......##)...'....................
......#.....#...................#
......#.#.#.#.........#.....#.P.#
......#######.........#........#.
....................#....... ....
............................ ....
....................#.##.... ....


You could see Depoub's ghost.

Vanquished Creatures
  3 two-headed ogres
  2 skeletal warriors (D:12)
  A spectral hydra (Lair:4)
  Pikel (D:4)
  2 deep elf pyromancers
  An ugly thing (D:13)
  An oklob plant (Lair:1)
  A manticore (D:11)
  Joseph (D:7)
  7 elephants
  3 black mambas
  A torpor snail (Lair:4)
  Maggie (D:7)
  8 cane toads
  8 rime drakes
  8 komodo dragons
  A queen bee (Lair:1)
  3 trolls
  7 blink frogs
  Prince Ribbit (D:5)
  2 hornets
  Sigmund (D:3)
  3 slime creatures (Lair:4)
  A wraith (D:9)
  4 vampires
  2 wyverns
  50 yaks
  9 steam dragons (Lair:2)
  5 vampire mosquitoes
  Menkaure (D:7)
  An acid dragon (D:11)
  2 hydra simulacra (Lair:4)
  6 water moccasins
  7 orc warriors
  2 sky beasts (D:7)
  A black mamba simulacrum (Lair:4)
  3 ice beasts
  6 black bears
  6 wolves
  5 ogres
  6 centaurs
  4 lemures (D:4)
  A nameless horror (D:10)
  7 bullfrogs
  3 kobold brigands
  A gnoll sergeant (D:7)
  A necrophage (D:7)
  6 scorpions
  9 wights
  A dream sheep simulacrum (Lair:4)
  25 killer bees
  2 howler monkeys
  An electric eel (Lair:4)
  5 hounds
  2 jellies (Lair:4)
  3 gnoll boudas
  4 orc priests
  7 orc wizards
  Terence (D:3)
  17 gnolls
  8 adders
  2 shadow imps (D:7)
  4 white imps
  5 worms
  2 dart slugs
  42 orcs
  6 ball pythons
  4 endoplasms
  3 giant cockroaches
  7 goblins
  11 hobgoblins
  3 jackals (D:2)
  15 kobolds
  7 quokkas
  6 bats
  2 frilled lizards
  5 rats
416 creatures vanquished.

Vanquished Creatures (collateral kills)
  An azure jelly (Lair:4)
  A two-headed ogre (D:10)
  Urug (Lair:2)
  A skeletal warrior (D:12)
  A cyclops (D:12)
  3 elephants
  2 cane toads (Lair:2)
  3 rime drakes (Lair:2)
  A troll (D:11)
  5 blink frogs
  A culicivora (Lair:3)
  12 yaks
  2 vampire mosquitoes (D:11)
  A steam dragon (Lair:2)
  An acid dragon (D:12)
  An orc warrior (D:10)
  2 kobold brigands (D:10)
  2 bullfrogs
  A gnoll sergeant (D:10)
  15 killer bees
  A jelly (Lair:4)
  2 orc priests
  An orc wizard (D:10)
  2 gnolls (D:10)
  6 orcs (D:10)
69 creatures vanquished.

Vanquished Creatures (others)
  8 fungi
  14 plants
22 creatures vanquished.

Grand Total: 507 creatures vanquished

Notes
Turn   | Place    | Note
-------+----------+-------------------------------------------
     0 | D:1      | themarg the Gnoll Transmuter began the quest for the Orb.
     0 | D:1      | Reached XP level 1. HP: 17/17 MP: 6/6
   181 | D:1      | Reached XP level 2. HP: 23/23 MP: 5/7
   184 | D:1      | Learned a level 2 spell: Wereblood
   768 | D:1      | Reached skill level 5 in Spellcasting
   768 | D:1      | Reached XP level 3. HP: 28/28 MP: 6/9
   772 | D:1      | Learned a level 3 spell: Spider Form
  1197 | D:2      | Reached skill level 1 in Invocations
  1393 | D:2      | Found a broken altar of Ashenzari.
  1470 | D:2      | Reached skill level 1 in Short Blades
  1470 | D:2      | Reached skill level 1 in Long Blades
  1470 | D:2      | Reached skill level 1 in Axes
  1470 | D:2      | Reached skill level 1 in Maces & Flails
  1470 | D:2      | Reached skill level 1 in Polearms
  1470 | D:2      | Reached skill level 1 in Staves
  1470 | D:2      | Reached skill level 1 in Ranged Weapons
  1470 | D:2      | Reached skill level 1 in Throwing
  1470 | D:2      | Reached skill level 1 in Armour
  1470 | D:2      | Reached skill level 1 in Stealth
  1470 | D:2      | Reached skill level 1 in Shields
  1470 | D:2      | Reached skill level 1 in Evocations
  1763 | D:3      | Found Sehimu's Antique Weapon Shoppe.
  1793 | D:3      | Found a faded altar of an unknown god.
  1797 | D:3      | Found Kuleteoff's Distillery.
  1885 | D:3      | Reached XP level 4. HP: 34/34 MP: 11/11
  1895 | D:3      | Reached skill level 1 in Conjurations
  1895 | D:3      | Reached skill level 1 in Hexes
  1895 | D:3      | Reached skill level 1 in Summonings
  1895 | D:3      | Reached skill level 1 in Necromancy
  1895 | D:3      | Reached skill level 1 in Translocations
  1895 | D:3      | Reached skill level 1 in Fire Magic
  1895 | D:3      | Reached skill level 1 in Ice Magic
  1895 | D:3      | Reached skill level 1 in Air Magic
  1895 | D:3      | Reached skill level 1 in Earth Magic
  1895 | D:3      | Reached skill level 1 in Poison Magic
  1986 | D:3      | Bought a potion of curing for 33 gold pieces
  1986 | D:3      | Bought a potion of brilliance for 44 gold pieces
  2046 | D:3      | Found Suurph's Antique Armour Boutique.
  2133 | D:3      | Noticed Sigmund
  2146 | D:3      | Killed Sigmund
  2147 | D:3      | Reached skill level 5 in Dodging
  2147 | D:3      | Reached XP level 5. HP: 31/41 MP: 12/12
  2147 | D:3      | Reached XP level 6. HP: 35/47 MP: 14/14
  2225 | D:3      | Found the +4 robe of Augmentation {Str+4 Int+4 Dex+4}
  2361 | D:3      | Found a sparkling altar of Nemelex Xobeh.
  2374 | D:3      | Noticed Terence
  2467 | D:3      | Found a shadowy altar of Dithmenos.
  2467 | D:3      | Found a glowing golden altar of the Shining One.
  2469 | D:3      | Found a bloodstained altar of Trog.
  2469 | D:3      | Found a sacrificial altar of Ru.
  2518 | D:3      | Found Haydit's Assorted Antiques.
  2792 | D:4      | Noticed Pikel
  2996 | D:4      | Killed Pikel
  2997 | D:4      | Reached skill level 7 in Unarmed Combat
  2997 | D:4      | Reached XP level 7. HP: 36/53 MP: 15/15
  3164 | D:4      | Found a staircase to the Ecumenical Temple.
  3173 | Temple   | Entered the Ecumenical Temple
  3229 | Temple   | Became a worshipper of Gozag Ym Sagoz the Greedy
  3419 | D:3      | Killed Terence
  3435 | D:5      | Entered Level 5 of the Dungeon
  3436 | D:5      | Found an ancient bone altar of Kikubaaqudgha.
  3452 | D:5      | Reached XP level 8. HP: 60/60 MP: 16/16
  3584 | D:5      | Found a hazy altar of Hepliaklqana.
  3757 | D:5      | Identified the +2 leather armour "Qitooxue" {Will+ Str+8
                  | Int-3 Stlth+}
  3886 | D:5      | Noticed Prince Ribbit
  3904 | D:5      | Killed Prince Ribbit
  4464 | D:5      | Reached skill level 5 in Transmutations
  4535 | D:5      | Found a burning altar of Makhleb.
  4596 | D:5      | Learned a level 4 spell: Ice Form
  4682 | D:6      | Reached XP level 9. HP: 55/66 MP: 18/18
  4697 | D:6      | Noticed a two-headed ogre
  4735 | D:6      | Killed a two-headed ogre
  4736 | D:6      | Reached skill level 5 in Fighting
  4981 | D:6      | Reached skill level 8 in Unarmed Combat
  5174 | D:6      | Reached skill level 5 in Invocations
  5840 | D:7      | Reached skill level 5 in Short Blades
  5840 | D:7      | Reached skill level 5 in Long Blades
  5840 | D:7      | Reached skill level 5 in Axes
  5840 | D:7      | Reached skill level 5 in Maces & Flails
  5840 | D:7      | Reached skill level 5 in Polearms
  5840 | D:7      | Reached skill level 5 in Staves
  5840 | D:7      | Reached skill level 5 in Ranged Weapons
  5840 | D:7      | Reached skill level 5 in Throwing
  5840 | D:7      | Reached skill level 5 in Armour
  5840 | D:7      | Reached skill level 5 in Stealth
  5840 | D:7      | Reached skill level 5 in Shields
  5840 | D:7      | Reached skill level 5 in Evocations
  5840 | D:7      | Reached XP level 10. HP: 76/76 MP: 20/20
  5926 | D:7      | Noticed Joseph
  5946 | D:7      | Killed Joseph
  6288 | D:7      | Paralysed by a hornet for 2 turns
  6295 | D:7      | Paralysed by a hornet for 1 turns
  6309 | D:7      | Noticed Menkaure
  6315 | D:7      | Noticed a deep elf pyromancer
  6492 | D:7      | Killed Menkaure
  6676 | D:7      | Killed a deep elf pyromancer
  6806 | D:7      | Found a glowing silver altar of Zin.
  6933 | D:7      | Noticed Maggie
  6955 | D:7      | Killed Maggie
  6956 | D:7      | Reached skill level 9 in Unarmed Combat
  7174 | D:8      | Reached skill level 5 in Conjurations
  7174 | D:8      | Reached skill level 5 in Hexes
  7174 | D:8      | Reached skill level 5 in Summonings
  7174 | D:8      | Reached skill level 5 in Necromancy
  7174 | D:8      | Reached skill level 5 in Translocations
  7174 | D:8      | Reached skill level 5 in Fire Magic
  7174 | D:8      | Reached skill level 5 in Ice Magic
  7174 | D:8      | Reached skill level 5 in Air Magic
  7174 | D:8      | Reached skill level 5 in Earth Magic
  7174 | D:8      | Reached skill level 5 in Poison Magic
  7174 | D:8      | Reached XP level 11. HP: 83/83 MP: 22/22
  7346 | D:8      | Learned a level 4 spell: Summon Lightning Spire
  7351 | D:8      | Learned a level 4 spell: Airstrike
  7882 | D:8      | Found a staircase to the Lair.
  9207 | D:10     | Entered Level 10 of the Dungeon
  9321 | D:10     | Found a staircase to the Orcish Mines.
  9526 | D:10     | Noticed a two-headed ogre
  9550 | D:10     | Killed a two-headed ogre
  9676 | D:10     | Reached XP level 12. HP: 91/91 MP: 24/24
  9948 | D:10     | Found an ornate altar of the Wu Jian Council.
  9951 | D:10     | Found a shimmering altar of Xom.
  9963 | D:10     | Found a blossoming altar of Fedhas.
 10215 | D:10     | Noticed a two-headed ogre
 10231 | D:10     | Killed a two-headed ogre
 10683 | D:11     | Reached skill level 10 in Unarmed Combat
 11157 | D:11     | Found Inwotwoi's Weapon Shoppe.
 11289 | D:11     | You fall into a shaft and drop 2 floors!
 11292 | D:13     | Noticed a centaur warrior
 12275 | D:12     | Found a portal to a secret trove of treasure.
 12325 | D:12     | Found Nyha's Book Boutique.
 12331 | D:12     | Bought a book of Ice for 690 gold pieces
 12342 | D:12     | Noticed a two-headed ogre
 12345 | D:12     | Identified the +1 cloak of Omission {rF+}
 12353 | D:12     | Killed a two-headed ogre
 13699 | D:12     | Reached XP level 13. HP: 99/99 MP: 13/26
 14092 | Lair:1   | Entered Level 1 of the Lair of Beasts
 15273 | Lair:1   | Learned a level 5 spell: Freezing Cloud
 15495 | Lair:2   | Identified the +7 flail of the Unkillable {drain, rElec
                  | Int+8}
 15518 | Lair:2   | Reached skill level 10 in Spellcasting
 15617 | Lair:2   | Noticed Urug
 15632 | Lair:2   | Killed Urug
 15807 | Lair:2   | Reached skill level 10 in Dodging
 15807 | Lair:2   | Reached skill level 11 in Unarmed Combat
 15830 | Lair:2   | HP: 3/101 [rime drake/icy flash freeze (25)]
 16184 | Lair:2   | Found a staircase to the Shoals.
 16957 | Lair:3   | Identified the +1 leather armour "Upiennar" {rN+}
 17340 | Lair:3   | Reached XP level 14. HP: 108/108 MP: 27/28
 17342 | Lair:3   | Reached skill level 10 in Invocations
 17817 | Lair:3   | Identified the +7 scale mail "Uriazx Mocw" {rElec MP+9
                  | Int-3 SInv}
 17828 | Lair:3   | Found a hole to the Spider Nest.
 18280 | Lair:3   | Learned a level 2 spell: Sublimation of Blood
 18860 | Lair:4   | Noticed an azure jelly
 18869 | Lair:4   | Killed an azure jelly
 19061 | Lair:4   | Identified the +7 long sword of Flawed Execution {flame,
                  | rF+ Str+4 Dex+2}
 19137 | Lair:4   | Found a runed translucent gate.
 19137 | Lair:4   | Found a runed translucent gate.
 19137 | Lair:4   | Found a runed translucent gate.
 19159 | Lair:4   | Noticed Depoub's ghost (journeyman OgIE)
 19193 | Lair:4   | Demolished by Depoub's ghost

Illustrated notes

Levels and vault maps discovered:
D:1:      amcnicky_arrival_wind_blow, layout_loops_corners
D:2:      layout_rooms, basic_altar
D:3:      layout_rooms, chequers_temple_overflow_statue_of_worship,
          nicolae_overflow_hidden_temple, basic_ecumenical_altar, serial_shops,
          nicolae_shop_trees, nicolae_shop_advertising_works
          [nicolae_subvault_shop_adworks], nicolae_shop_waterfront, shop,
          minmay_pentomino_pile, uniq_sigmund, uniq_terence
D:4:      layout_rooms, minmay_temple_entry_junction, uniq_pikel
D:5:      layout_loops_corners, nicolae_hepliaklqana_hippocampus,
          mainiacjoe_overflow_brackets,
          mainiacjoe_overflow_concentric_impassable, uniq_prince_ribbit1
D:6:      layout_loops_cross
D:7:      kennysheep_windowed_halls, layout_basic, kennysheep_little_box,
          st_stairs_10, uniq_menkaure, uniq_maggie, uniq_joseph
D:8:      layout_basic, david_lair_shrubbed, special_room [special_room_orc]
D:9:      layout_roguey
D:10:     layout_gridville, grunt_temple_overflow_open,
          kennysheep_orc_monster_closet_entryway
D:11:     layout_grid_maze, serial_shops, nicolae_shop_bloodbath_and_beyond,
          grunt_ministairs_12, minmay_misc_feat_room, hangedman_decor_slide_cut
D:12:     layout_layer_cave, enter_trove_2, serial_shops, shop
D:13:     layout_cave_pools, david_vaults_3, uniq_rupert
Temple:   eino_wide_crystal_templ
Lair:1:   layout_concentric_octagons, special_room [special_room_bee],
          wad_woods_road_04, grunt_megastairs_2, serial_bayou_shore_b,
          infiniplex_staircase_pool_2
Lair:2:   layout_regular_city, shoals_dummy_entry, bobbens_dragon_lair_wall,
          uniq_urug
Lair:3:   layout_long_grid, spider_nest_entry_rubble, enter_volcano_1,
          grunt_megastairs_5
Lair:4:   layout_gridlike, gammafunk_ghost_necromancy,
          nicolae_lair_time_for_slime

Skill      XL: |  1  2  3  4  5  6  7  8  9 10 11 12 13 14 |
---------------+-------------------------------------------+-----
Spellcasting   | 5 6 7 8 9 10 | 10.8
Invocations    | 1 2 3 4 5 6 7 8 9 10 | 10.4
Short Blades   | 1 2 3 5 6 7 8 9 |  9.5
Long Blades    | 1 2 3 5 6 7 8 9 |  9.5
Axes           | 1 2 3 5 6 7 8 9 |  9.5
Maces & Flails | 1 2 3 5 6 7 8 9 |  9.5
Polearms       | 1 2 3 5 6 7 8 9 |  9.5
Staves         | 1 2 3 5 6 7 8 9 |  9.5
Ranged Weapons | 1 2 3 5 6 7 8 9 |  9.5
Throwing       | 1 2 3 5 6 7 8 9 |  9.5
Armour         | 1 2 3 5 6 7 8 9 |  9.5
Stealth        | 1 2 3 5 6 7 8 9 |  9.5
Shields        | 1 2 3 5 6 7 8 9 |  9.5
Evocations     | 1 2 3 5 6 7 8 9 |  9.5
Conjurations   | 1 2 3 4 5 6 7 8 |  8.0
Hexes          | 1 2 3 4 5 6 7 8 |  8.0
Summonings     | 1 2 3 4 5 6 7 8 |  8.0
Necromancy     | 1 2 3 4 5 6 7 8 |  8.0
Translocations | 1 2 3 4 5 6 7 8 |  8.0
Fire Magic     | 1 2 3 4 5 6 7 8 |  8.0
Ice Magic      | 1 2 3 4 5 6 7 8 |  8.0
Air Magic      | 1 2 3 4 5 6 7 8 |  8.0
Earth Magic    | 1 2 3 4 5 6 7 8 |  8.0
Poison Magic   | 1 2 3 4 5 6 7 8 |  8.0
Fighting       | 3 4 5 6 7 8 9 |  9.9
Dodging        | 5 6 7 8 9 10 | 10.6
Transmutations | 4 5 6 7 8 |  8.9
Unarmed Combat | 7 8 9 10 11 | 11.5

Action                   |  1- 3 |  4- 6 |  7- 9 | 10-12 | 13-15 || total
-------------------------+-------+-------+-------+-------+-------++-------
Melee: Unarmed           |    89 |   104 |   174 |   541 |   397 ||  1305
       Kick              |    12 |       |       |       |       ||    12
       Bite              |     4 |       |       |       |       ||     4
       Headbutt          |     4 |       |       |       |       ||     4
       Punch             |     1 |       |       |       |       ||     1
 Cast: Beastly Appendage |    22 |       |       |       |       ||    22
       Spider Form       |     8 |    15 |    22 |    12 |     3 ||    60
       Wereblood         |       |     2 |     3 |    14 |     8 ||    27
       Ice Form          |       |       |    13 |    47 |    31 ||    91
       Summon Lightning  |       |       |       |    40 |    49 ||    89
       Airstrike         |       |       |       |     7 |       ||     7
       Freezing Cloud    |       |       |       |       |     2 ||     2
Invok: Potion Petition   |       |       |       |     1 |     3 ||     4
Evoke: Box of beasts     |       |       |       |       |     1 ||     1
  Use: Potion            |       |     1 |     1 |     3 |     4 ||     9
       Scroll            |       |     1 |       |    13 |     6 ||    20
 Stab: Sleeping          |     3 |       |     2 |     4 |     1 ||    10
       Distracted        |       |       |     1 |     7 |    13 ||    21
       Invisible         |       |       |       |       |     8 ||     8
Armor: Robe              |     6 |     1 |     1 |     4 |       ||    12
       Skin              |       |     5 |    20 |    89 |    63 ||   177
Dodge: Dodged            |    51 |   107 |   132 |   439 |   284 ||  1013
Block: Other             |       |       |       |       |    27 ||    27
       Reflection        |       |       |       |       |     1 ||     1

Table legend: (Time is in decaauts)
 A = Elapsed time spent in this place.
 B = Non-inter-level travel time spent in this place.
 C = Inter-level travel time spent in this place.
 D = Time resting spent in this place.
 E = Time spent auto-exploring this place.
 F = Levels seen in this place.
 G = Mean time per level.
                   A        B        C        D        E       F      G
               +--------+--------+--------+--------+--------+-----+--------+
         Total |  18962 |  18339 |    623 |    365 |  14712 |  18 | 1053.4 |
       Dungeon |  13873 |  13419 |    454 |    365 |  10670 |  13 | 1067.2 |
        Temple |     68 |     57 |     11 |      0 |     38 |   1 |   68.0 |
          Lair |   5020 |   4863 |    157 |      0 |   4004 |   4 | 1255.0 |
               +--------+--------+--------+--------+--------+-----+--------+

Top non-repeatable levels by time:
    D:12: 1646 daAuts
    D:11: 1484 daAuts
    D:10: 1450 daAuts
  Lair:2: 1437 daAuts
  Lair:1: 1384 daAuts
     D:7: 1353 daAuts
  Lair:3: 1326 daAuts
     D:1: 1173 daAuts
     D:6: 1169 daAuts
     D:5: 1152 daAuts
     D:9: 1106 daAuts
     D:3: 1095 daAuts
     D:8: 980 daAuts
  Lair:4: 872 daAuts
     D:2: 606 daAuts
